 Dungeon Crawl Stone Soup version 0.31-a0-188-g5e087ee2ca (webtiles) character file.

Game seed: 15373809557083430559

60 lunkers the Ducker (level 4, 0/35 HPs)
             Began as a Meteoran Wanderer on June 23, 2023.
             Slain by an orc
             ... wielding a +0 flail
              (9 damage)
             ... on level 3 of the Dungeon.
             The game lasted 00:02:35 (873 turns).

lunkers the Ducker (Meteoran Wanderer)               Turns: 873, Time: 00:02:35

Health: 0/35       AC:  5    Str: 13    XL:     4   Next: 48%
Magic:  7/7        EV: 13    Int: 16    God:
Gold:   37         SH:  0    Dex: 13    Spells: 4/5 levels left

rFire   . . .        a - +1 dagger
rCold   . . .        (no shield)
rNeg    . . .        c - +2 leather armour
rPois   .            (no helmet)
rElec   .            (no cloak)
rCorr   .            (no gloves)
SInv    .            (no boots)
Will    .....        (no amulet)
Stlth   +            (no ring)
HPRegen 0.25/turn    (no ring)
MPRegen 0.10/turn

%: no passive effects
@: glowing
A: sense surroundings 1, otherworldly, glowing, explore regen
a: no special abilities


You were on level 3 of the Dungeon.
You visited 1 branch of the dungeon, and saw 3 of its levels.

You collected 37 gold pieces.

Inventory:

Hand Weapons
 a - a +1 dagger (weapon)
 e - a +0 mace of protection
Missiles
 b - 13 boomerangs
Armour
 c - a +2 leather armour (worn)
Scrolls
 d - a scroll of blinking
Potions
 f - 2 potions of curing {unknown}
 g - a potion of lignification {unknown}
 h - a potion of might {unknown}


   Skills:
 - Level 1.1 Fighting
 + Level 3.9 Short Blades
 - Level 2.4 Throwing
 - Level 4.8 Dodging
 - Level 1.3 Spellcasting
 - Level 1.2 Translocations
 - Level 1.2 Invocations


You had 4 spell levels left.
You knew the following spells:

 Your Spells              Type           Power      Damage    Failure   Level
p - Apportation           Tloc           8%         N/A       17%         1

Your spell library contained the following spells:

 Spells                   Type           Power      Damage    Failure   Level
 Ensorcelled Hibernation  Hex/Ice        2%         N/A       38%         2
 Volatile Blastmotes      Fire/Tloc      6%         2d10      54%         3
 Spider Form              Tmut/Pois      1%         N/A       63%         3
 Anguish                  Hex/Necr       0%         N/A       95%         4


Dungeon Overview and Level Annotations

Branches:
Dungeon (3/15) Zot: 940

Altars:
Wu Jian

Annotations:
D:2 Sigmund


Innate Abilities, Weirdness & Mutations

You passively map a small area around you.
You are easily found by Zot.
You glow in the dark.
You regain HP and MP as you explore.


Message History

The hound is lightly wounded.
The hound bites you but does no damage.
You hit the hound but do no damage.
The hound is lightly wounded.
The hound bites you.
* * * LOW HITPOINT WARNING * * *
You hit the hound.
The hound is moderately wounded.
The hound bites you.
* * * LOW HITPOINT WARNING * * *
A goblin comes into view. It is wielding a +0 dagger.
The goblin shouts!
You hit the hound.
The hound is heavily wounded.
The hound completely misses you. The hound misses you.
You hit the hound.
The hound is heavily wounded.
The hound bites you but does no damage.
You hit the hound.
The hound is severely wounded.
The hound pauses to sniff the ground.
The hound bites you.
* * * LOW HITPOINT WARNING * * *
You hit the hound.
The hound is almost dead.
The hound completely misses you.
An endoplasm comes into view.
The hound bites you.
* * * LOW HITPOINT WARNING * * *
The endoplasm quivers.
You hit the hound but do no damage.
The hound is almost dead.
The hound bites you.
* * * LOW HITPOINT WARNING * * *
You hit the hound.
You kill the hound!
You have reached level 4!
You closely miss the orc. The goblin hits you but does no damage.
The orc hits you with a +0 flail!
You die...

##...##.....### *
#.............#
.......<....#,#
............#.#..
*
..........J......
*
#.....?.$..###..
** *
##...##...##*, *
* #### ###o# ,
#@# , *#.g#* , ,
, , * #.>.# ,,
,,,, #.#.# * *
..... ,, , ##.##.
* . . * # ..


You could see an orc, an endoplasm and a goblin.

Vanquished Creatures
  A hound (D:3)
  An ufetubus (D:3)
  2 dart slugs (D:1)
  A ball python (D:2)
  A giant cockroach (D:1)
  2 goblins
  2 hobgoblins (D:2)
  2 jackals (D:2)
  4 kobolds
  A quokka (D:2)
  5 rats
22 creatures vanquished.

Notes
Turn   | Place    | Note
-------+----------+-------------------------------------------
     0 | D:1      | lunkers the Meteoran Wanderer began the quest for the Orb.
     0 | D:1      | lunkers set off with the following items: a +0 dagger, 7
                  | boomerangs, a +2 leather armour, a scroll of blinking; and
                  | the following spell memorised: Apportation; and the
                  | following spells available to memorise: Volatile
                  | Blastmotes.
     0 | D:1      | Reached XP level 1. HP: 16/16 MP: 3/3
    35 | D:1      | Reached skill level 1 in Short Blades
   146 | D:1      | Reached XP level 2. HP: 23/23 MP: 5/5
   520 | D:2      | Noticed Sigmund
   606 | D:2      | Reached XP level 3. HP: 23/28 MP: 6/6
   748 | D:2      | Found a faded altar of an unknown god.
   792 | D:2      | Found an ornate altar of the Wu Jian Council.
   873 | D:3      | Reached XP level 4. HP: 9/35 MP: 7/7
   873 | D:3      | Slain by an orc

Illustrated notes

Levels and vault maps discovered:
D:1:      psy_arrival_fountain, layout_basic, kennysheep_doodads,
          nrook_mini_vaults, minmay_octomino_c4
D:2:      layout_rooms, basic_altar, shapermc_ecumenical_altar_mp_urbaneastern,
          hangedman_glass_teeth, hangedman_decor_clover_reticule, uniq_sigmund
D:3:      layout_rooms, nicolae_overflow_hidden_temple, reono_crystal_passage,
          minmay_misc_feat_iff

Skill      XL: |  1  2  3 |
---------------+----------+-----
Short Blades   | 1 2 3 |  3.9
Fighting       | |  1.1
Throwing       | |  2.4
Dodging        | |  4.8
Spellcasting   | |  1.3
Translocations | |  1.2
Invocations    | |  1.2

Action                     |  1- 3 |  4- 6 || total
---------------------------+-------+-------++-------
  Melee: Dagger            |   143 |     1 ||   144
    Use: Scroll            |     2 |       ||     2
 Armour: Leather armour    |    51 |     1 ||    52
  Dodge: Dodged            |    88 |       ||    88

Table legend: (Time is in decaauts)
 A = Elapsed time spent in this place.
 B = Non-inter-level travel time spent in this place.
 C = Inter-level travel time spent in this place.
 D = Time resting spent in this place.
 E = Time spent auto-exploring this place.
 F = Levels seen in this place.
 G = Mean time per level.
                   A        B        C        D        E       F      G
               +--------+--------+--------+--------+--------+-----+--------+
         Total |    858 |    841 |     17 |      0 |    592 |   3 |  286.0 |
       Dungeon |    858 |    841 |     17 |      0 |    592 |   3 |  286.0 |
               +--------+--------+--------+--------+--------+-----+--------+

Top non-repeatable levels by time:
     D:1: 490 daAuts
     D:2: 344 daAuts
     D:3: 23 daAuts
